 Dungeon Crawl Stone Soup version 0.31.0-12-g77e489cdc1 (webtiles) character file.

Game seed: 3440751891298060485

3185 PriceMaster the Skirmisher (level 9, -6/55 HPs)
             Began as an Octopode Fire Elementalist on Feb 24, 2024.
             Mangled by a killer bee (8 damage)
             ... on level 8 of the Dungeon.
             The game lasted 00:15:05 (9528 turns).

PriceMaster the Skirmisher (OpFE)                   Turns: 9528, Time: 00:15:05

Health: -6/55      AC:  1    Str:  5 (8)  XL:     9   Next: 95%
Magic:  0/18       EV: 13    Int: 22 (23) God:
Gold:   374        SH:  0    Dex:  9 (12) Spells: 10/20 levels left

rFire   + . .        q - +9 orcbow of Exchange {flame, Int+2}
rCold   x . .        (shield currently unavailable)
rNeg    . . .        (helmet restricted)
rPois   .            v - amulet of the acrobat
rElec   .            k - ring of see invisible
rCorr   .            y - ring of fire
SInv    +            (no ring)
Will    .....        (no ring)
Stlth   +++          (no ring)
HPRegen 0.29/turn    (no ring)
MPRegen 0.16/turn    (no ring)
                     (no ring)

%: acrobat
@: lethally poisoned (-6 -> -8), slowed, very slow
A: almost no armour, amphibious, 8 rings, camouflage 1, gelatinous body 1,
(nimble swimmer 1), tentacles
a: no special abilities


You were on level 8 of the Dungeon.
You visited 1 branch of the dungeon, and saw 8 of its levels.

You collected 374 gold pieces.

Inventory:

Hand Weapons
 g - a +0 dagger
 j - a +2 dagger of venom
 q - the +9 orcbow of Exchange (weapon) {flame, Int+2}
   (You found it on level 3 of the Dungeon)

   Int+2:     It affects your intelligence (+2).
Jewellery
 k - a ring of see invisible (left tentacle)
 v - an amulet of the acrobat (around mantle)
 y - a ring of fire (right tentacle)
Wands
 r - a wand of digging (1)
 s - a wand of paralysis (20)
 t - a wand of flame (26)
Scrolls
 b - 5 scrolls of identify {unknown}
 c - 5 scrolls of fear {unknown}
 d - 3 scrolls of fog {unknown}
 i - 3 scrolls of blinking {unknown}
 l - 7 scrolls of teleportation {unknown}
 m - 4 scrolls of summoning {unknown}
 n - 3 scrolls of immolation
 w - 2 scrolls of revelation {unknown}
 x - a scroll of poison {unknown}
 z - 2 scrolls of enchant armour {unknown}
 B - a scroll of noise {unknown}
Potions
 a - a potion of haste
 e - a potion of curing
 f - a potion of resistance {unknown}
 h - 2 potions of ambrosia {unknown}
 o - a potion of heal wounds
 p - 3 potions of degeneration
 u - a potion of mutation {unknown}
 A - a potion of brilliance {unknown}


   Skills:
 + Level 2.9 Fighting
 + Level 0.2 Short Blades
 + Level 8.0 Ranged Weapons
 + Level 2.7 Dodging
 + Level 4.1 Stealth
 + Level 6.2 Spellcasting
 + Level 1.9 Conjurations
 + Level 3.6 Hexes
 + Level 7.0 Fire Magic
 + Level 0.1 Evocations


You had 10 spell levels left.
You knew the following spells:

 Your Spells              Type           Power      Damage    Failure   Level
a - Foxfire               Conj/Fire      100%       2x1d9     1%          1
b - Scorch                Fire           100%       2d9       1%          2
c - Inner Flame           Hex/Fire       45%        N/A       3%          3
d - Flame Wave            Conj/Fire      39%        2d11      14%         4

Your spell library contained the following spells:

 Spells                   Type           Power      Damage    Failure   Level
 Magic Dart               Conj           60%        1d6       4%          1
 Searing Ray              Conj           30%        2d5       6%          2
 Sigil of Binding         Hex            23%        N/A       6%          3
 Volatile Blastmotes      Fire/Tloc      66%        2d15      6%          3
 Call Imp                 Summ           12%        N/A       14%         2
 Call Canine Familiar     Summ           6%         N/A       26%         3
 Dimensional Bullseye     Hex/Tloc       7%         N/A       38%         4
 Fulminant Prism          Conj/Alch      5%         3d7       52%         4
 Summon Forest            Summ/Tloc      3%         N/A       94%         5
 Eringya's Noxious Bog    Alch           3%         4d6       100%        6
 Summon Hydra             Summ           3%         N/A       100%        7
 Summon Horrible Things   Summ           3%         N/A       100%        8
 Fire Storm               Conj/Fire      19%        8d5       100%        9


Dungeon Overview and Level Annotations

Branches:
Dungeon (8/15)             Temple (0/1) D:6
   Lair: D:8-11

Altars:
Fedhas

Annotations:
D:8 Jeremiah


Innate Abilities, Weirdness & Mutations

You cannot wear most types of armour.
You are amphibious.
You can wear up to eight rings at the same time.
Your skin changes colour to match your surroundings (Stealth+).
Your rubbery body absorbs attacks. (AC +1, EV +1)
((You are camouflaged when in or above water. (Stealth+)))
You have tentacles for arms and can constrict up to eight enemies at once.


Message History

You feel better. The killer bee barely misses you. The killer bee misses you.
The killer bee barely misses you. The killer bee stings you.
* * * LOW HITPOINT WARNING * * *
You are poisoned.
The killer bee poisons you! The killer bee stings you!
* * * LOW HITPOINT WARNING * * *
Jeremiah, Barachi Dreamer comes into view.
They are wielding a +2 trident of draining and wearing an orb of mayhem.
Okay, then.
Okay, then.
It was a potion of heal wounds.
You feel much better.
You feel sick. The killer bee stings you!
* * * LOW HITPOINT WARNING * * *
The killer bee misses you. The killer bee stings you.
* * * LOW HITPOINT WARNING * * *
The killer bee barely misses you.
A kobold brigand comes into view.
It is wielding a +0 dagger and quivering curare-tipped darts.
The killer bee stings you.
* * * LOW HITPOINT WARNING * * *
The killer bee closely misses you.
Casting: Scorch (safe; 1% risk of failure)
Confirm with . or Enter, or press ? or * to list all spells.
You don't know that spell.
Casting: Scorch (safe; 1% risk of failure)
Confirm with . or Enter, or press ? or * to list all spells.
Casting: Flame Wave (dangerous; 14% risk of failure)
Press: ? - help, Dir - look around, f - activate You feel a surge of power!
A wave of flame ripples out!
The flame wave engulfs the killer bee!
The killer bee is heavily wounded.
The flame wave engulfs the killer bee!
The killer bee is severely wounded. (Press . to intensify the flame waves.)
The kobold brigand shouts!
* * * LOW HITPOINT WARNING * * *
You feel sick.
You hear an angry buzzing noise. x2
The killer bee barely misses you.
A killer bee comes into view.
The killer bee stings you!
You die...

#.# #.. #.# #... #..
#... ##.## #... #...
. ###..F#######..# .K
...yb....y@##..### .K
...<.b...y..#..K.# KK
............○☼##.# .#
#.......#.#.#)##.#).#
#.#...#.#.#.#§§K....#
#.#...#.#.#.......#.#
#.#...#.#.###.##....#
###.....#.#.#
#.##.#### #
#.>.......#.. ..##.#


You could see Jeremiah, a kobold brigand and 3 killer bees.

Vanquished Creatures
  Joseph (D:8)
  The ghost of Burzz the Sneak, a novice VSEn (D:6)
  A slime creature (D:6)
  3 water moccasins
  Duvessa (D:4)
  A black bear (D:6)
  An ice beast (D:7)
  3 ogres
  A centaur (D:7)
  A kobold brigand (D:7)
  3 bullfrogs
  4 scorpions
  Dowan (D:4)
  2 howler monkeys (D:7)
  A bombardier beetle (D:5)
  6 orc priests
  4 hounds
  Ijyb (D:3)
  2 iguanas
  6 orc wizards
  11 adders
  A shadow imp (D:6)
  A white imp (D:6)
  2 ufetubi (D:6)
  2 dart slugs
  2 ribbon worms
  33 orcs
  11 ball pythons
  8 endoplasms
  10 giant cockroaches
  10 goblins
  7 hobgoblins
  2 jackals (D:2)
  18 kobolds
  6 quokkas
  5 bats
  4 frilled lizards
  8 rats
185 creatures vanquished.

Vanquished Creatures (others)
  132 foxfires
132 creatures vanquished.

Grand Total: 317 creatures vanquished

Notes
Turn   | Place    | Note
-------+----------+-------------------------------------------
     0 | D:1      | PriceMaster the Octopode Fire Elementalist began the quest
                  | for the Orb.
     0 | D:1      | Reached XP level 1. HP: 11/11 MP: 3/3
   101 | D:1      | Reached XP level 2. HP: 17/17 MP: 1/5
   104 | D:1      | Learned a level 2 spell: Scorch
   697 | D:1      | Reached XP level 3. HP: 21/21 MP: 2/6
   983 | D:1      | Found a faded altar of an unknown god.
  1229 | D:1      | Learned a level 3 spell: Inner Flame
  1866 | D:2      | Reached XP level 4. HP: 27/27 MP: 3/8
  3183 | D:3      | Identified the +9 orcbow of Exchange {flame, Int+2}
  3282 | D:3      | Reached XP level 5. HP: 30/31 MP: 8/10
  3390 | D:3      | Noticed Ijyb
  3396 | D:3      | Paralysed by Ijyb for 4 turns
  3404 | D:3      | Killed Ijyb
  3856 | D:4      | Reached skill level 1 in Ranged Weapons
  3898 | D:4      | Reached skill level 2 in Ranged Weapons
  3905 | D:4      | Reached XP level 6. HP: 21/36 MP: 0/11
  3986 | D:4      | Noticed Duvessa
  3988 | D:4      | Noticed Dowan
  4004 | D:4      | Killed Duvessa
  4004 | D:4      | Killed Dowan
  4005 | D:4      | Reached skill level 3 in Ranged Weapons
  4264 | D:4      | Reached XP level 7. HP: 8/42 MP: 0/12
  4360 | D:4      | Reached skill level 4 in Ranged Weapons
  4389 | D:4      | Reached skill level 1 in Fighting
  4389 | D:4      | Reached skill level 1 in Hexes
  4389 | D:4      | Reached skill level 5 in Fire Magic
  5063 | D:5      | Entered Level 5 of the Dungeon
  5104 | D:5      | Reached XP level 8. HP: 48/48 MP: 14/14
  5119 | D:5      | Found the +2 ratskin cloak {*Rats rPois rN+ Str-1 Int-1
                  | Dex+1}
  5202 | D:5      | Reached skill level 5 in Ranged Weapons
  5242 | D:5      | Got Veenimed's Compendium of the Flammable Retinue
  6301 | D:5      | Learned a level 4 spell: Flame Wave
  6432 | D:6      | Reached skill level 6 in Ranged Weapons
  7084 | D:6      | Found a runed translucent door.
  7084 | D:6      | Noticed Burzz's ghost (novice VSEn)
  7084 | D:6      | Noticed a slime creature
  7136 | D:6      | Found a staircase to the Ecumenical Temple.
  7436 | D:6      | Killed a slime creature
  7437 | D:6      | Reached skill level 5 in Spellcasting
  7437 | D:6      | Reached XP level 9. HP: 54/54 MP: 5/16
  7461 | D:6      | Killed Burzz's ghost
  7872 | D:7      | Reached skill level 7 in Ranged Weapons
  8022 | D:7      | Found a blossoming altar of Fedhas.
  9250 | D:8      | Noticed Joseph
  9270 | D:8      | Killed Joseph
  9271 | D:8      | Reached skill level 8 in Ranged Weapons
  9526 | D:8      | Noticed Jeremiah
  9528 | D:8      | HP: 2/55 [poisoned by a killer bee]
  9528 | D:8      | Mangled by a killer bee

Illustrated notes

Levels and vault maps discovered:
D:1:      saegor_arrival_simple_c, layout_basic, ebering_ecumenical_altar_webs
D:2:      layout_loops_corners
D:3:      layout_loops_ring, uniq_ijyb
D:4:      layout_cave_pools, gup_sewer_entry_pipe, nicolae_elevator_lobby_plus,
          uniq_duvessa
D:5:      layout_basic, glass_columns_c, chequers_serial_rivers_micro_c
D:6:      layout_basic, minmay_temple_entry_large_hall,
          ebering_ghost_inner_flame, amcnicky_mini_pool_medium
D:7:      layout_basic, fedhas_bush_and_centaur_altar, lemuel_flamethrower_2
D:8:      layout_loops_cross, uniq_psyche, uniq_jeremiah, uniq_joseph

Skill      XL: |  1  2  3  4  5  6  7  8  9 |
---------------+----------------------------+-----
Spellcasting   | 3 4 5 6 |  6.2
Stealth        | 3 4 |  4.1
Fire Magic     | 4 5 7 |  7.0
Ranged Weapons | 2 3 4 6 8 |  8.0
Fighting       | 1 2 |  2.9
Hexes          | 1 2 3 |  3.6
Short Blades   | |  0.2
Dodging        | |  2.7
Conjurations   | |  1.9
Evocations     | |  0.1

Action                     |  1- 3 |  4- 6 |  7- 9 || total
---------------------------+-------+-------+-------++-------
  Melee: Unarmed           |     5 |       |       ||     5
         Constrict         |     5 |     2 |       ||     7
         Tentacles         |     4 |     2 |       ||     6
         Dagger            |    13 |     7 |       ||    20
         Punch             |     1 |       |       ||     1
   Fire: Orcbow            |       |    58 |   115 ||   173
   Cast: Foxfire           |    45 |    28 |    15 ||    88
         Scorch            |    15 |    12 |    19 ||    46
         Inner Flame       |     2 |     8 |    41 ||    51
         Flame Wave        |       |       |     2 ||     2
  Evoke: Wand              |       |     1 |       ||     1
    Use: Potion            |     1 |     3 |    10 ||    14
   Stab: Sleeping          |     1 |     2 |       ||     3
 Armour: Skin              |    10 |     9 |    33 ||    52
  Dodge: Dodged            |    18 |    21 |    37 ||    76
